 Dungeon Crawl Stone Soup version 0.26.0-91-g99b343417d (webtiles) character file.

Game seed: 4397409413531265976

3551 Gadfly the Chopper (level 10, -3/76 HPs)
             Began as a Formicid Fighter on Feb 3, 2021.
             Was a Follower of Okawaru.
             Slain by Gastronok (27 damage)
             ... on level 8 of the Dungeon.
             The game lasted 00:16:02 (9138 turns).

Gadfly the Chopper (Formicid Fighter)               Turns: 9138, Time: 00:16:03

Health: -3/76      AC: 18    Str: 24    XL:     10   Next: 30%
Magic:  14/14      EV:  6    Int:  8    God:    Okawaru [*.....]
Gold:   151        SH: 11    Dex: 14    Spells: 9/9 levels left

rFire    . . .     SeeInvis +   a - +8 war axe "Xiygeg" {speed, Dex+4}
rCold    + + .     Faith    .   c - +0 kite shield
rNeg     . . .     Spirit   .   i - +0 plate armour
rPois    .         Reflect  .   (helmet unavailable)
rElec    .         Harm     .   (no cloak)
rCorr    .         Rampage  .   m - +1 pair of gloves
Will     +....                  d - +2 pair of boots
Stlth    ..........             (no amulet)
HPRegen  0.22/turn              q - ring of protection from cold
MPRegen  0.14/turn              l - ring of protection from cold

@: no status effects
A: permanent stasis, dig shafts and tunnels, four strong arms, antennae 3
a: Dig, Shaft Self, Renounce Religion, Heroism


You were on level 8 of the Dungeon.
You worshipped Okawaru.
Okawaru was aware of your devotion.
You visited 2 branches of the dungeon, and saw 9 of its levels.
You also visited: Sewer and Ossuary.

You collected 394 gold pieces.
You spent 243 gold pieces at shops.

Inventory:

Hand Weapons
 a - the +8 war axe "Xiygeg" (weapon) {speed, Dex+4}
   (You found it on level 7 of the Dungeon)

   Attacks with this weapon are significantly faster.
   It affects your dexterity (+4).
 b - a +2 vorpal arbalest
 o - a +2 trident of venom
 v - a +2 battleaxe of freezing
Missiles
 n - 29 bolts
Armour
 c - a +0 kite shield (worn)
 d - a +2 pair of boots (worn)
 i - a +0 plate armour (worn)
 m - a +1 pair of gloves (worn)
Jewellery
 l - a ring of protection from cold (right hand)
 q - a ring of protection from cold (left hand)
 r - an uncursed ring of fire
Wands
 p - a wand of digging (6)
 u - a wand of flame (5) (quivered)
 y - a wand of iceblast (8)
Scrolls
 g - a scroll of enchant armour
 k - a scroll of enchant weapon
 s - 5 scrolls of remove curse
Potions
 e - 3 potions of heal wounds
 f - 2 potions of lignification
 h - 4 potions of curing
 j - 3 potions of flight
 w - 4 potions of attraction


   Skills:
 + Level 5.9 Fighting
 * Level 6.5 Axes
 * Level 6.0 Crossbows
 + Level 6.2 Armour
 + Level 6.2 Shields
 + Level 6.2 Invocations
 + Level 6.0 Evocations


You had 9 spell levels left.
You didn't know any spells.
Your spell library was empty.

Dungeon Overview and Level Annotations

Branches:
Dungeon (8/15)             Temple (1/1) D:6           Sewer (visited)
Ossuary (visited)
   Lair: D:8-11

Altars:
Ashenzari
Cheibriados
Dithmenos
Fedhas
Makhleb
Nemelex Xobeh
Okawaru
Qazlal
Ru
Sif Muna
Trog
Vehumet
Wu Jian
Yredelemnul
Zin
The Shining One

Shops:
D:6 =   D:7 (

Annotations:
D:8 Gastronok


Innate Abilities, Weirdness & Mutations

You cannot be hasted, slowed, berserked, paralysed or teleported.
You can dig through walls and to a lower floor.
Your four strong arms can wield two-handed weapons with a shield.
You have a pair of large antennae on your head. (SInv)


Message History

You are too injured to fight recklessly!
You are too injured to fight recklessly!
You are too injured to fight recklessly!
You are too injured to fight recklessly!
You are too injured to fight recklessly!
You are too injured to fight recklessly!
You are too injured to fight recklessly!
You are too injured to fight recklessly!
You are too injured to fight recklessly!
You are too injured to fight recklessly!
You are too injured to fight recklessly!
You are too injured to fight recklessly!
You are too injured to fight recklessly!
You are too injured to fight recklessly!
You slash Gastronok!
Gastronok is severely wounded.
You slash Gastronok!
Gastronok is almost dead.
Gastronok bites you!!
You die...

#. .# #. #.###
#...## ##....##
##......##
.###..w.#...###
.......@###...##
......#..###...###
....###.<#
##....## ...
##.###......## ..
#...........## .
#..)))........#
##...).........
##..........##..
#.<........## .


You could see Gastronok.

Vanquished Creatures
  Pikel (D:6)
  Grum (D:8)
  Duvessa (D:4)
  An orc warrior (D:7)
  A black bear (D:6)
  A necrophage (D:5)
  2 wolves (D:8)
  3 ogres
  A centaur (D:5)
  Blork the orc (D:6)
  8 bullfrogs
  2 elf zombies (Ossuary)
  Dowan (D:4)
  A gnoll sergeant (D:8)
  5 wights (D:7)
  2 howler monkeys (D:7)
  A jelly (D:7)
  A quasit (D:5)
  A human zombie (Ossuary)
  A hound (D:4)
  An orc priest (D:4)
  4 orc wizards
  A centaur skeleton (D:5)
  Natasha (thrice) (D:4)
  5 worker ants
  A big kobold zombie (Ossuary)
  3 hound zombies
  3 mummies
  Robin (D:4)
  5 gnolls (D:8)
  9 adders
  A river rat (D:5)
  A white imp (D:7)
  An ufetubus (D:5)
  11 oozes
  2 adder zombies
  3 worms
  15 leopard geckos
  14 orcs
  10 ball pythons
  2 bat skeletons (D:2)
  12 giant cockroaches
  13 goblins
  8 hobgoblins
  18 jackals
  4 kobolds
  7 quokkas
  A ball python skeleton (D:2)
  4 bats
  15 frilled lizards
  3 goblin zombies
  9 hobgoblin zombies (Ossuary)
  A jackal skeleton (D:2)
  2 jackal zombies (Ossuary)
  10 kobold zombies
  4 leopard gecko skeletons
  8 orc zombies (Ossuary)
  A quokka skeleton (D:4)
  2 quokka zombies (D:2)
  8 rats
  2 rat zombies (Ossuary)
264 creatures vanquished.

Notes
Turn   | Place    | Note
-------+----------+-------------------------------------------
     0 | D:1      | Gadfly the Formicid Fighter began the quest for the Orb.
     0 | D:1      | Reached XP level 1. HP: 18/18 MP: 1/1
    85 | D:1      | Reached XP level 2. HP: 24/24 MP: 2/2
   286 | D:1      | Reached skill level 1 in Invocations
   395 | D:1      | Reached skill level 1 in Evocations
   631 | D:1      | Reached XP level 3. HP: 29/29 MP: 3/3
   956 | D:2      | Found a sacrificial altar of Ru.
   983 | D:2      | Reached skill level 1 in Crossbows
  1492 | D:2      | Reached XP level 4. HP: 34/35 MP: 5/5
  1764 | D:2      | Found a basalt altar of Yredelemnul.
  3077 | D:3      | Reached XP level 5. HP: 41/41 MP: 6/6
  3584 | D:4      | Noticed Natasha
  3587 | D:4      | Reached XP level 6. HP: 44/48 MP: 7/7
  3589 | D:4      | Killed Natasha
  3632 | D:4      | Found a burning altar of Makhleb.
  3717 | D:4      | Noticed Natasha
  3724 | D:4      | Killed Natasha
  3808 | D:4      | Noticed Robin
  3820 | D:4      | Killed Robin
  3913 | D:4      | Noticed Natasha
  3924 | D:4      | Killed Natasha
  3977 | D:4      | Noticed Dowan
  3978 | D:4      | Noticed Duvessa
  3989 | D:4      | Killed Duvessa
  3990 | D:4      | Reached XP level 7. HP: 45/54 MP: 9/9
  4000 | D:4      | Killed Dowan
  4183 | D:5      | Entered Level 5 of the Dungeon
  4331 | D:5      | Found a glowing drain.
  4336 | Sewer    | Entered a sewer
  4884 | Sewer    | Reached XP level 8. HP: 34/61 MP: 10/10
  5625 | D:5      | Found a radiant altar of Vehumet.
  5837 | D:5      | Found a radiant altar of Vehumet.
  5914 | D:6      | Noticed Blork the orc
  5932 | D:6      | Killed Blork the orc
  5933 | D:6      | Reached skill level 5 in Shields
  6162 | D:6      | Reached skill level 5 in Invocations
  6162 | D:6      | Reached XP level 9. HP: 61/67 MP: 12/12
  6218 | D:6      | Noticed Pikel
  6259 | D:6      | Killed Pikel
  6260 | D:6      | Reached skill level 5 in Fighting
  6260 | D:6      | Reached skill level 5 in Axes
  6260 | D:6      | Reached skill level 5 in Armour
  6260 | D:6      | Reached skill level 5 in Evocations
  6419 | D:6      | Found a staircase to the Ecumenical Temple.
  6639 | Temple   | Entered the Ecumenical Temple
  6668 | Temple   | Became a worshipper of Warmaster Okawaru
  6967 | D:6      | Found Kyrenus's Jewellery Shoppe.
  7124 | D:7      | Reached skill level 5 in Crossbows
  7279 | D:7      | Found a sand-covered staircase.
  7393 | Ossuary  | Entered an ossuary
  7907 | D:7      | Reached * piety under Okawaru
  7935 | D:7      | Reached XP level 10. HP: 43/74 MP: 14/14
  7943 | D:7      | Got a dazzling war axe
  7944 | D:7      | Identified the +8 war axe "Xiygeg" {speed, Dex+4} (You
                  | found it on level 7 of the Dungeon)
  8118 | D:7      | Found a bloodstained altar of Trog.
  8404 | D:7      | Found Taudietoh's Weapon Shoppe.
  8415 | D:7      | Bought a +2 vorpal arbalest for 243 gold pieces
  8875 | D:8      | Noticed Grum
  8890 | D:8      | Killed Grum
  9107 | D:8      | Noticed Gastronok
  9138 | D:8      | Slain by Gastronok

Illustrated notes

Levels and vault maps discovered:
D:1:      evilmike_arrival_hilbert_curve, layout_basic
D:2:      layout_loops_ring, nicolae_ru_awakened_eye, yredelemnul_altar_generic,
          serial_undead, serial_undead_e, serial_undead_e, serial_undead_a,
          serial_undead_f, chequers_serial_rivers_large_b,
          chequers_decorated_corner
D:3:      wander_river, layout_loops_ring, minmay_misc_feat_ornament
D:4:      layout_rooms, kennysheep_mini_moat, serial_park_tiny_1, uniq_duvessa,
          uniq_natasha, uniq_robin
D:5:      layout_rooms, lemuel_coloured_pillars_altar, gup_sewer_entry_bowl,
          serial_glass, glass_columns_a, glass_columns_a,
          chequers_serial_rivers_room_b, vehumet_altar_wand_db
D:6:      layout_basic, temple_fountains, serial_shops,
          nicolae_shop_temple_entry_statues_fountains, uniq_blork_the_orc,
          uniq_pikel
D:7:      layout_basic, general_overflow_altar, nicolae_ossuary_entry_giza,
          serial_shops, nicolae_shop_waterfront
D:8:      layout_cave_pods, nzn_hepliaklqana_mist_gate, serial_shops, shop,
          uniq_psyche, uniq_gastronok, uniq_grum
Temple:   chequers_temple_sunken

Skill      XL: |  1  2  3  4  5  6  7  8  9 10 |
---------------+-------------------------------+-----
Invocations    | 1 2 3 5 6 |  6.2
Evocations     | 1 2 3 4 5 6 |  6.0
Crossbows      | 1 2 3 4 5 6 |  6.0
Shields        | 4 5 6 |  6.2
Axes           | 3 4 6 |  6.5
Fighting       | 4 5 |  5.9
Armour         | 4 5 6 |  6.2

Action                   |  1- 3 |  4- 6 |  7- 9 | 10-12 || total
-------------------------+-------+-------+-------+-------++-------
Melee: War axe           |    76 |       |    67 |    70 ||   213
       Dagger            |    17 |   234 |   528 |       ||   779
       Battleaxe         |       |       |   156 |       ||   156
       Trident           |       |       |     4 |       ||     4
 Fire: Arbalest          |       |       |       |     7 ||     7
 Abil: Dig               |       |       |     2 |       ||     2
Evoke: Wand              |       |       |     1 |       ||     1
  Use: Scroll            |     4 |     6 |     7 |     1 ||    18
       Potion            |       |       |     8 |       ||     8
Armor: Scale mail        |    29 |       |       |       ||    29
       Plate armour      |    42 |   103 |   491 |    41 ||   677
       Skin              |       |       |    17 |       ||    17
Dodge: Dodged            |    30 |    36 |   187 |    14 ||   267
Block: Kite shield       |    54 |   108 |   511 |    41 ||   714
